 Dungeon Crawl Stone Soup version 0.29-a0-555-g3b24f45cc1 (webtiles) character file.

Game seed: 11107461543248391057

10 Hound7 the Chopper (level 2, 0/27 HPs)
             Began as a Hill Orc Berserker on June 8, 2022.
             Was a Follower of Trog.
             Slain by a hobgoblin (3 damage)
             ... on level 2 of the Dungeon.
             The game lasted 00:02:45 (627 turns).

Hound7 the Chopper (Hill Orc Berserker)              Turns: 627, Time: 00:02:46

Health: 0/27       AC:  2    Str: 19    XL:     2   Next: 20%
Magic:  2/2        EV: 12    Int:  7    God:    Trog [*.....]
Gold:   15         SH:  0    Dex: 10    Spells: 1/1 levels left

rFire   . . .      SeeInvis .   f - +0 short sword
rCold   . . .      Faith    .   (no shield)
rNeg    . . .      Spirit   .   b - +0 animal skin
rPois   .          Reflect  .   (no helmet)
rElec   .          Harm     .   (no cloak)
rCorr   .          Rampage  .   (no gloves)
Will    .....                   (no boots)
Stlth   +.........              (no amulet)
HPRegen 0.09/turn               (no ring)
MPRegen 0.08/turn               (no ring)

@: no status effects
A: no striking features
a: Renounce Religion, Berserk


You were on level 2 of the Dungeon.
You worshipped Trog.
Trog was aware of your devotion.
You visited 1 branch of the dungeon, and saw 2 of its levels.

You collected 15 gold pieces.

Inventory:

Hand Weapons
 a - a +0 hand axe
 f - a +0 short sword (weapon)
Armour
 b - a +0 animal skin (worn)
Scrolls
 d - a scroll of identify {unknown}
Potions
 c - a potion of might {unknown}
 e - a potion of degeneration {unknown}


   Skills:
 * Level 3.9 Fighting
 - Level 4.3 Axes
 * Level 2.2 Armour
 * Level 1.8 Dodging
 * Level 0.1 Stealth


You had one spell level left.
You didn't know any spells.
Your spell library was empty.

Dungeon Overview and Level Annotations

Branches:
Dungeon (2/15)

Altars:


Message History

A hobgoblin is nearby!
A hobgoblin is nearby!
A hobgoblin is nearby!
There are no items here.
There are no items here.
There are no items here.
You don't know any spells.
Press: ? - help, v - describe, . - travel The floor.
Unknown command.
Hit: f) +0 short sword
Press: ? - help, Dir - move target, f - you
Okay, then.
There is a stone staircase leading down here.
The hobgoblin hits you.
* * * LOW HITPOINT WARNING * * *
You climb downwards.
There is a stone staircase leading up here.
You closely miss the hobgoblin. The hobgoblin closely misses you.
You closely miss the hobgoblin.
The hobgoblin hits you but does no damage.
You barely miss the hobgoblin. The hobgoblin closely misses you.
You barely miss the hobgoblin. The hobgoblin hits you.
* * * LOW HITPOINT WARNING * * *
You closely miss the hobgoblin. The hobgoblin closely misses you.
You hit the hobgoblin.
The hobgoblin is moderately wounded.
The hobgoblin misses you.
You hit the hobgoblin but do no damage.
The hobgoblin is moderately wounded.
The hobgoblin hits you.
* * * LOW HITPOINT WARNING * * *
You hit the hobgoblin but do no damage.
The hobgoblin is moderately wounded.
The hobgoblin closely misses you.
The hobgoblin hits you but does no damage.
You barely miss the hobgoblin.
The hobgoblin is moderately wounded.
The hobgoblin hits you.
You die...

## .
#.###
.#..
..#
#g#
#@#
###


You could see a hobgoblin.

Vanquished Creatures
  A dart slug (D:1)
  An endoplasm (D:1)
  2 giant cockroaches (D:1)
  A hobgoblin (D:1)
  A kobold (D:1)
  A rat (D:1)
7 creatures vanquished.

Notes
Turn   | Place    | Note
-------+----------+-------------------------------------------
     0 | D:1      | Hound7 the Hill Orc Berserker began the quest for the Orb.
     0 | D:1      | Reached XP level 1. HP: 19/19 MP: 1/1
   330 | D:1      | Reached XP level 2. HP: 13/27 MP: 2/2
   627 | D:2      | Slain by a hobgoblin

Illustrated notes

Levels and vault maps discovered:
D:1:      dpeg_arrival_central, layout_basic, minmay_misc_feat_roman
D:2:      layout_basic, chequers_ecumenical_altar_grove,
          minmay_misc_feat_nine_boxes, minmay_misc_feat_pillars, uniq_sigmund

Action                   || total
-------------------------++-------
Melee: Hand axe          ||    16
       Short sword       ||    22
Armor: Animal skin       ||     6
Dodge: Dodged            ||    27

Table legend: (Time is in decaauts)
 A = Elapsed time spent in this place.
 B = Non-inter-level travel time spent in this place.
 C = Inter-level travel time spent in this place.
 D = Time resting spent in this place.
 E = Time spent auto-exploring this place.
 F = Levels seen in this place.
 G = Mean time per level.
                   A        B        C        D        E       F      G
               +--------+--------+--------+--------+--------+-----+--------+
         Total |    629 |    616 |     13 |      0 |    500 |   2 |  314.5 |
       Dungeon |    629 |    616 |     13 |      0 |    500 |   2 |  314.5 |
               +--------+--------+--------+--------+--------+-----+--------+

Top non-repeatable levels by time:
     D:1: 620 daAuts
     D:2: 9 daAuts
